TOP OF THE 1ST |
Iowa Hawkeyes batting - Pitching for Georgia Bulldogs : RHP Leo Watts
|
Pitching: RHP Leo Watts
|
|
Batting: RHB Chris Boner
|
0-0: Ball 1-0: Ball 2-0: Ball 3-0: Base on Balls
|
Batting: RHB Mike Russell
|
0-0: Called Strike 0-1: Foul Ball, location: 2F 0-2: Foul Ball, location: 2F 0-2: Strikes out looking
|
Batting: RHB Kelsey Scott
|
0-0: Called Strike 0-1: Swinging Strike 0-2: Foul Ball, location: 2F 0-2: Ball 1-2: Ball 2-2: Foul Ball, location: 2F 2-2: Strikes out looking
|
Batting: RHB Juan Escalante
|
0-0: Ball Chris Boner is caught stealing 2nd base
|
Top of the 1st over - 0 run(s), 0 hit(s), 0 error(s), 0 left on base; Iowa 0 - Georgia 0 |
BOTTOM OF THE 1ST |
Georgia Bulldogs batting - Pitching for Iowa Hawkeyes : RHP Ryan Berry
|
Pitching: RHP Ryan Berry
|
|
Batting: LHB Sandro Márquez
|
0-0: Foul Ball, location: 2F 0-1: Ball 1-1: Foul Ball, location: 2F 1-2: Ball 2-2: Ball 3-2: Base on Balls
|
Batting: SHB Nate Harrington
|
0-0: Foul Ball, location: 2F 0-1: SINGLE (Line Drive, 3) Sandro Márquez to second
|
Batting: LHB Merrill Erickson
|
0-0: Ground out 3-1 (Groundball, 23) Sandro Márquez to third Nate Harrington to second
|
Batting: RHB Tom Stoltz
|
0-0: Ball 1-0: DOUBLE (Line Drive, 89XD) Sandro Márquez scores Nate Harrington scores
|
Batting: SHB Jean-François St-Amant
|
0-0: TRIPLE (Line Drive, 8LD) Tom Stoltz scores
|
Batting: RHB Juan Cruz
|
0-0: Foul Ball, location: 2F 0-1: Foul Ball, location: 2F 0-2: Ball 1-2: SINGLE (Line Drive, 6MD) Jean-François St-Amant scores
|
Batting: RHB Jeff Allen
|
0-0: Ball 1-0: Called Strike Juan Cruz steals 2nd base 1-1: Called Strike 1-2: Fly out, F7 (Flyball, 78XD) Runner from 2nd tags up, SAFE at 3rd, no throw
|
Batting: RHB Gerald Miller
|
0-0: Ground out 5-3 (Groundball, 56)
|
Bottom of the 1st over - 4 run(s), 4 hit(s), 0 error(s), 1 left on base; Iowa 0 - Georgia 4 |
TOP OF THE 2ND |
Iowa Hawkeyes batting - Pitching for Georgia Bulldogs : RHP Leo Watts
|
Batting: RHB Juan Escalante
|
0-0: Ball 1-0: Fly out, F9 (Flyball, 89S)
|
Batting: RHB Jim Jones
|
0-0: Swinging Strike 0-1: Ball 1-1: Ball 2-1: Ball 3-1: Called Strike 3-2: Base on Balls
|
Batting: RHB Miguel López
|
0-0: Ball 1-0: Fly out, F8 (Flyball, 8RD)
|
Batting: RHB Stephen Spence
|
0-0: Ball 1-0: Ball 2-0: 2-RUN HOME RUN (Flyball, 78XD), Distance : 379 ft
|
Batting: RHB Ed Nygaard
|
0-0: Called Strike 0-1: Swinging Strike 0-2: Strikes out swinging
|
Top of the 2nd over - 2 run(s), 1 hit(s), 0 error(s), 0 left on base; Iowa 2 - Georgia 4 |
BOTTOM OF THE 2ND |
Georgia Bulldogs batting - Pitching for Iowa Hawkeyes : RHP Ryan Berry
|
Batting: RHB John Field
|
0-0: Ball 1-0: SINGLE (Line Drive, 6M)
|
Batting: LHB Sandro Márquez
|
0-0: Ball 1-0: Ball 2-0: Called Strike 2-1: SINGLE (Groundball, 4D) John Field to second Throwing error, E9 John Field scores Sandro Márquez to second
|
Batting: SHB Nate Harrington
|
0-0: Foul Ball, location: 2F 0-1: Reached on error, E6 (Flyball, 56D) Sandro Márquez to third
|
Batting: LHB Merrill Erickson
|
0-0: Called Strike 0-1: Ball Wild Pitch! Sandro Márquez scores Nate Harrington to second 1-1: Ball 2-1: Foul Ball, location: 2F 2-2: SINGLE (Groundball, 4) (infield hit) Nate Harrington to third
|
Batting: RHB Tom Stoltz
|
0-0: Foul Ball, location: 2F 0-1: Swinging Strike 0-2: Ball 1-2: Grounds into double play, 4-6-3 (Groundball, 4M) Nate Harrington scores
|
Batting: SHB Jean-François St-Amant
|
0-0: Ball 1-0: Ball 2-0: Ball 3-0: Called Strike 3-1: Called Strike 3-2: Strikes out looking
|
Bottom of the 2nd over - 3 run(s), 3 hit(s), 2 error(s), 0 left on base; Iowa 2 - Georgia 7 |
TOP OF THE 3RD |
Iowa Hawkeyes batting - Pitching for Georgia Bulldogs : RHP Leo Watts
|
Batting: RHB Jim Sharry
|
0-0: Foul Ball, location: 2F 0-1: Ball 1-1: Called Strike 1-2: SINGLE (Groundball, 56S) (infield hit)
|
Batting: RHB Chris Boner
|
0-0: Fielders Choice at 2nd, 6-4 (Groundball, 56)
|
Batting: RHB Mike Russell
|
0-0: Ball Chris Boner steals 2nd base 1-0: Fly out, F8 (Flyball, 8RS)
|
Batting: RHB Kelsey Scott
|
0-0: Called Strike 0-1: Swinging Strike 0-2: Ground out 5-3 (Groundball, 56)
|
Top of the 3rd over - 0 run(s), 1 hit(s), 0 error(s), 1 left on base; Iowa 2 - Georgia 7 |
BOTTOM OF THE 3RD |
Georgia Bulldogs batting - Pitching for Iowa Hawkeyes : RHP Ryan Berry
|
Batting: RHB Juan Cruz
|
0-0: Ball 1-0: Called Strike 1-1: Called Strike 1-2: Ball 2-2: Ball 3-2: Strikes out swinging
|
Batting: RHB Jeff Allen
|
0-0: Ball 1-0: Foul Ball, location: 2F 1-1: Swinging Strike 1-2: Strikes out swinging
|
Batting: RHB Gerald Miller
|
0-0: Ball 1-0: Called Strike 1-1: Ball 2-1: Swinging Strike 2-2: Foul Ball, location: 2F 2-2: Fly out, F8 (Flyball, 8RS)
|
Bottom of the 3rd over - 0 run(s), 0 hit(s), 0 error(s), 0 left on base; Iowa 2 - Georgia 7 |
TOP OF THE 4TH |
Iowa Hawkeyes batting - Pitching for Georgia Bulldogs : RHP Leo Watts
|
Batting: RHB Juan Escalante
|
0-0: Ball 1-0: Swinging Strike 1-1: Ball 2-1: Ball 3-1: Foul Ball, location: 2F 3-2: Foul Ball, location: 2F 3-2: Strikes out looking
|
Batting: RHB Jim Jones
|
0-0: Foul Ball, location: 2F 0-1: Ball 1-1: Ball 2-1: Ball 3-1: Base on Balls
|
Batting: RHB Miguel López
|
0-0: Ball 1-0: Swinging Strike 1-1: Called Strike 1-2: Ball 2-2: Ball 3-2: Strikes out swinging
|
Batting: RHB Stephen Spence
|
0-0: Ball 1-0: Called Strike 1-1: Called Strike 1-2: Strikes out swinging
|
Top of the 4th over - 0 run(s), 0 hit(s), 0 error(s), 1 left on base; Iowa 2 - Georgia 7 |
BOTTOM OF THE 4TH |
Georgia Bulldogs batting - Pitching for Iowa Hawkeyes : RHP Ryan Berry
|
Pitching: LHP Leonardo Canó
|
|
Batting: RHB John Field
|
0-0: Called Strike 0-1: Called Strike 0-2: Fly out, F6 (Line Drive, 6)
|
Batting: LHB Sandro Márquez
|
0-0: Foul Ball, location: 2F 0-1: Ball 1-1: Ball 2-1: Ball 3-1: Base on Balls
|
Batting: SHB Nate Harrington
|
0-0: Ball 1-0: Foul Ball, location: 2F 1-1: Fly out, F5 (Popup, 5L)
|
Batting: LHB Merrill Erickson
|
0-0: Foul Ball, location: 2F 0-1: Fly out, F7 (Line Drive, 7)
|
Bottom of the 4th over - 0 run(s), 0 hit(s), 0 error(s), 1 left on base; Iowa 2 - Georgia 7 |
TOP OF THE 5TH |
Iowa Hawkeyes batting - Pitching for Georgia Bulldogs : RHP Leo Watts
|
Batting: RHB Ed Nygaard
|
0-0: Ball 1-0: Called Strike 1-1: Fly out, F7 (Flyball, 7S)
|
Batting: RHB Jim Sharry
|
0-0: Ball 1-0: Ground out 1-3 (Groundball, 15)
|
Batting: RHB Chris Boner
|
0-0: Ball 1-0: Called Strike 1-1: Ball 2-1: Hit by Pitch
|
Batting: RHB Mike Russell
|
0-0: Ball 1-0: Ball 2-0: Called Strike 2-1: Ball 3-1: Base on Balls Chris Boner to second
|
Batting: RHB Kelsey Scott
|
0-0: Foul Ball, location: 2F 0-1: Foul Ball, location: 2F 0-2: Ball 1-2: Ball 2-2: Fly out, F8 (Flyball, 8LM)
|
Top of the 5th over - 0 run(s), 0 hit(s), 0 error(s), 2 left on base; Iowa 2 - Georgia 7 |
BOTTOM OF THE 5TH |
Georgia Bulldogs batting - Pitching for Iowa Hawkeyes : LHP Leonardo Canó
|
Batting: RHB Tom Stoltz
|
0-0: Called Strike 0-1: Ball 1-1: Foul Ball, location: 2F 1-2: SOLO HOME RUN (Flyball, 78XD), Distance : 387 ft
|
Batting: SHB Jean-François St-Amant
|
0-0: Foul Ball, location: 2F 0-1: Swinging Strike 0-2: Ball 1-2: Strikes out swinging
|
Batting: RHB Juan Cruz
|
0-0: Fly out, F8 (Line Drive, 8LM)
|
Batting: RHB Jeff Allen
|
0-0: Swinging Strike 0-1: Ball 1-1: Ball 2-1: Foul Ball, location: 2F 2-2: Strikes out swinging
|
Bottom of the 5th over - 1 run(s), 1 hit(s), 0 error(s), 0 left on base; Iowa 2 - Georgia 8 |
TOP OF THE 6TH |
Iowa Hawkeyes batting - Pitching for Georgia Bulldogs : RHP Leo Watts
|
Pitching: RHP Pierre Breton
|
|
Batting: RHB Juan Escalante
|
0-0: Called Strike 0-1: Ball 1-1: Ball 2-1: Fly out, F9 (Flyball, 89M)
|
Batting: RHB Jim Jones
|
0-0: Ball 1-0: Foul Ball, location: 2F 1-1: Ground out 4-3 (Groundball, 4)
|
Batting: RHB Miguel López
|
0-0: Ball 1-0: Swinging Strike 1-1: Foul Ball, location: 2F 1-2: Strikes out looking
|
Top of the 6th over - 0 run(s), 0 hit(s), 0 error(s), 0 left on base; Iowa 2 - Georgia 8 |
BOTTOM OF THE 6TH |
Georgia Bulldogs batting - Pitching for Iowa Hawkeyes : LHP Leonardo Canó
|
Batting: RHB Gerald Miller
|
0-0: Called Strike 0-1: Swinging Strike 0-2: Foul Ball, location: 2F 0-2: SINGLE (Flyball, 89S)
|
Batting: RHB John Field
|
0-0: Ball 1-0: Ball 2-0: Ball 3-0: Base on Balls Gerald Miller to second
|
Batting: LHB Sandro Márquez
|
0-0: Ball 1-0: Ball 2-0: Swinging Strike 2-1: Called Strike 2-2: Ball 3-2: Foul Ball, location: 2F 3-2: Foul Ball, location: 2F 3-2: Strikes out swinging
|
Batting: SHB Nate Harrington
|
0-0: Called Strike 0-1: Foul Ball, location: 2F 0-2: Ball 1-2: Foul Ball, location: 2F 1-2: Strikes out swinging
|
Batting: LHB Merrill Erickson
|
0-0: Ball 1-0: Hit by Pitch Gerald Miller to third John Field to second
|
Batting: RHB Tom Stoltz
|
0-0: Ball 1-0: Ball 2-0: Called Strike 2-1: Ball 3-1: Foul Ball, location: 2F 3-2: Strikes out swinging
|
Bottom of the 6th over - 0 run(s), 1 hit(s), 0 error(s), 3 left on base; Iowa 2 - Georgia 8 |
TOP OF THE 7TH |
Iowa Hawkeyes batting - Pitching for Georgia Bulldogs : RHP Pierre Breton
|
Batting: RHB Stephen Spence
|
0-0: Ball 1-0: Foul Ball, location: 2F 1-1: Called Strike 1-2: Ball 2-2: Ground out 6-3 (Groundball, 6)
|
Batting: RHB Ed Nygaard
|
0-0: Ball 1-0: Ball 2-0: Called Strike 2-1: Called Strike 2-2: Ball 3-2: Foul Ball, location: 2F 3-2: Fly out, F7 (Flyball, 7)
|
Batting: RHB Jim Sharry
|
0-0: Ball 1-0: Swinging Strike 1-1: Ball 2-1: Foul Ball, location: 2F 2-2: SINGLE (Groundball, 25) (infield hit)
|
Batting: RHB Chris Boner
|
0-0: Foul Ball, location: 2F 0-1: Called Strike 0-2: Ball 1-2: SINGLE (Flyball, 9LS) Jim Sharry to second Runner from 2nd tries for 3rd, OUT!
|
Top of the 7th over - 0 run(s), 2 hit(s), 0 error(s), 1 left on base; Iowa 2 - Georgia 8 |
BOTTOM OF THE 7TH |
Georgia Bulldogs batting - Pitching for Iowa Hawkeyes : LHP Leonardo Canó
|
Pitching: LHP Peter Connolly
|
|
Batting: SHB Jean-François St-Amant
|
0-0: Called Strike 0-1: Swinging Strike 0-2: Ball 1-2: Ball 2-2: Strikes out swinging
|
Batting: RHB Juan Cruz
|
0-0: Called Strike 0-1: Swinging Strike 0-2: Strikes out looking
|
Batting: RHB Jeff Allen
|
0-0: SOLO HOME RUN (Flyball, 7LD), Distance : 317 ft
|
Batting: RHB Gerald Miller
|
0-0: Ball 1-0: Called Strike 1-1: Swinging Strike 1-2: Foul Ball, location: 2F 1-2: Ball 2-2: Ball 3-2: Strikes out swinging
|
Bottom of the 7th over - 1 run(s), 1 hit(s), 0 error(s), 0 left on base; Iowa 2 - Georgia 9 |
TOP OF THE 8TH |
Iowa Hawkeyes batting - Pitching for Georgia Bulldogs : RHP Pierre Breton
|
Batting: RHB Mike Russell
|
0-0: Ball 1-0: Called Strike 1-1: Ball 2-1: SOLO HOME RUN (Flyball, 89XD), Distance : 382 ft
|
Batting: RHB Kelsey Scott
|
0-0: Ball 1-0: Fly out, F9 (Flyball, 9)
|
Batting: RHB Juan Escalante
|
0-0: Hit by Pitch
|
Batting: RHB Jim Jones
|
0-0: Called Strike 0-1: Foul Ball, location: 2F 0-2: Strikes out looking
|
Batting: RHB Miguel López
|
0-0: Ball 1-0: Ball 2-0: Ball 3-0: Called Strike 3-1: Foul Ball, location: 2F 3-2: Ground out 6-3 (Groundball, 6)
|
Top of the 8th over - 1 run(s), 1 hit(s), 0 error(s), 1 left on base; Iowa 3 - Georgia 9 |
BOTTOM OF THE 8TH |
Georgia Bulldogs batting - Pitching for Iowa Hawkeyes : LHP Peter Connolly
|
Batting: RHB John Field
|
0-0: Ball 1-0: Foul Ball, location: 2F 1-1: Fly out, F9 (Flyball, 9LM)
|
Batting: LHB Sandro Márquez
|
0-0: Called Strike 0-1: Called Strike 0-2: Ball 1-2: Strikes out swinging
|
Batting: SHB Nate Harrington
|
0-0: Ball 1-0: Called Strike 1-1: Ball 2-1: Ground out 6-3 (Groundball, 6)
|
Bottom of the 8th over - 0 run(s), 0 hit(s), 0 error(s), 0 left on base; Iowa 3 - Georgia 9 |
TOP OF THE 9TH |
Iowa Hawkeyes batting - Pitching for Georgia Bulldogs : RHP Pierre Breton
|
Now at 1B: Chris Whittier
|
|
Batting: RHB Stephen Spence
|
0-0: Called Strike 0-1: Called Strike 0-2: Ball 1-2: Ball 2-2: Ball 3-2: Strikes out looking
|
Pitching: LHP Dave Moser
|
|
Batting: RHB Ed Nygaard
|
0-0: Ball 1-0: Foul Ball, location: 2F 1-1: SINGLE (Groundball, 56D)
|
Batting: RHB Jim Sharry
|
0-0: Swinging Strike Error on foul ball, E3 0-2: Ball 1-2: Foul Ball, location: 2F 1-2: Foul Ball, location: 2F 1-2: Ball 2-2: Grounds into double play, 4-6-3 (Groundball, 4M)
|
Top of the 9th over - 0 run(s), 1 hit(s), 1 error(s), 0 left on base; Iowa 3 - Georgia 9 |
|